 Dungeon Crawl Stone Soup version 0.31-a0-1576-ga3383bade6 (webtiles) character file.

Game seed: 15543534843283235953

458 Laraso the Slasher (level 7, -9/34 HPs)
             Began as a Vine Stalker Reaver on Jan 4, 2024.
             Mangled by an ogre
             ... wielding a +0 giant club
              (19 damage)
             ... on level 6 of the Dungeon.
             The game lasted 00:09:06 (4330 turns).

Laraso the Slasher (Vine Stalker Reaver)            Turns: 4330, Time: 00:09:06

Health: -9/34      AC:  5    Str: 14    XL:     7   Next: 6%
Magic:  0/20       EV: 10    Int: 15    God:
Gold:   126        SH:  0    Dex: 13    Spells: 9/10 levels left

rFire   . . .        b - +0 dagger (venom)
rCold   . . .        (no shield)
rNeg    . . .        j - +0 ring mail
rPois   .            (no helmet)
rElec   .            (no cloak)
rCorr   .            (no gloves)
SInv    .            (no boots)
Will    .....        (no amulet)
Stlth   +            q - ring of magical power
HPRegen 1.05/turn    (no ring)
MPRegen 0.17/turn

%: guardian spirit
@: no status effects
A: fangs 2, regeneration 1, magic shield, antimagic bite, no potion heal 2
a: no special abilities


You were on level 6 of the Dungeon.
You visited 1 branch of the dungeon, and saw 6 of its levels.

You collected 308 gold pieces.
You spent 182 gold pieces at shops.

Inventory:

Hand Weapons
 a - a +1 rapier of draining
 b - a +0 dagger of venom (weapon)
 d - a +0 falchion
Armour
 j - a +0 ring mail (worn)
 r - a +0 kite shield
Jewellery
 q - a ring of magical power (left hand)
Wands
 m - a wand of polymorph (11)
Scrolls
 n - a scroll of revelation
 o - a scroll of poison
 p - 3 scrolls of teleportation
 s - a scroll of fog
 t - a scroll of butterflies {unknown}
Potions
 c - a potion of berserk rage
 e - a potion of degeneration {unknown}
 f - 2 potions of invisibility {unknown}
 g - 2 potions of might
 h - a potion of attraction {unknown}
 i - a potion of curing {unknown}
 l - a potion of brilliance {unknown}


   Skills:
 - Level 1.9 Fighting
 * Level 6.9 Long Blades
 - Level 1.6 Dodging
 - Level 2.3 Spellcasting
 - Level 3.0 Conjurations


You had 9 spell levels left.
You knew the following spells:

 Your Spells              Type           Power      Damage    Failure   Level
a - Kiss of Death         Conj/Necr      24%        2d7       24%         1

Your spell library contained the following spells:

 Spells                   Type           Power      Damage    Failure   Level
 Momentum Strike          Conj/Tloc      12%        3d8       34%         2
 Slow                     Hex            4%         N/A       41%         1
 Scorch                   Fire           2%         2d5       56%         2
 Hailstorm                Conj/Ice       6%         3d5       56%         3
 Confusing Touch          Hex            1%         N/A       80%         3
 Frozen Ramparts          Ice            2%         1d1       80%         3
 Sigil of Binding         Hex            1%         N/A       80%         3
 Vampiric Draining        Necr           1%         2d6       80%         3
 Flame Wave               Conj/Fire      6%         2d5       93%         4
 Leda's Liquefaction      Alch/Erth      0%         N/A       99%         4
 Petrify                  Alch/Erth      1%         N/A       99%         4
 Metabolic Englaciation   Hex/Ice        0%         N/A       100%        5
 Summon Cactus Giant      Summ           0%         N/A       100%        6


Dungeon Overview and Level Annotations

Branches:
Dungeon (6/15)
 Temple: D:4-7

Altars:
Ashenzari
Kikubaaqudgha
Wu Jian

Shops:
D:2 (   D:5 (


Innate Abilities, Weirdness & Mutations

You have extremely sharp teeth.
Your natural rate of healing is unusually fast.
When hurt, damage is shared between your health and your magic reserves.
Your bite disrupts and absorbs the magic of your enemies.
Potions cannot restore your health.


Message History

Found a leather armour.
There is a stone staircase leading down here.
Done exploring.
Done exploring.
Done exploring.
Done exploring.
There is a stone staircase leading down here.
You climb downwards.
There is a stone staircase leading up here.
Unknown command.
Found 2 stones.
An ogre comes into view. It is wielding a +0 giant club.
The ogre shouts!
An ogre is nearby!
An ogre is nearby!
An ogre is nearby!
You barely miss the ogre. You barely miss the ogre. You bite the ogre.
You drain its power.
The ogre is lightly wounded.
The ogre hits you with a +0 giant club.
A jelly comes into view.
The jelly quivers.
You hit the ogre.
The ogre is poisoned.
The ogre is lightly wounded.
You barely miss the ogre. You bite the ogre, but do no damage.
The ogre is lightly wounded.
The ogre hits you with a +0 giant club!!
Ouch! That really hurt!
You are too injured to fight recklessly!
The ogre attacks as it pursues you!
The ogre hits you with a +0 giant club!!
* * * LOW HITPOINT WARNING * * *
You hit the ogre but do no damage.
The ogre looks as sick as possible!
The ogre is moderately wounded.
Okay, then.
The ogre attacks as it pursues you! The ogre barely misses you.
The ogre attacks as it pursues you!
The ogre hits you with a +0 giant club!!
Ouch! That really hurt!
You die...

#........#
######.....#
#..........#
#..J##........
#...#########.
#..## #..#
#.O# ##@# #<#
###


You could see an ogre (very poisoned) and a jelly.

Vanquished Creatures
  A black bear (D:4)
  A hound (D:5)
  A bombardier beetle (D:4)
  An iguana (D:5)
  Natasha (thrice) (D:4)
  5 gnolls
  5 adders
  7 orcs
  8 ball pythons
  8 bats
  4 endoplasms
  2 giant cockroaches
  13 hobgoblins
  18 jackals
  2 quokkas
  2 frilled lizards
  12 goblins
  8 kobolds
  5 rats
106 creatures vanquished.

Notes
Turn   | Place    | Note
-------+----------+-------------------------------------------
     0 | D:1      | Laraso the Vine Stalker Reaver began the quest for the Orb.
     0 | D:1      | Reached XP level 1. HP: 11/11 MP: 4/4
   389 | D:1      | Reached XP level 2. HP: 14/15 MP: 4/6
   405 | D:1      | Reached skill level 3 in Long Blades
   606 | D:1      | Reached XP level 3. HP: 14/18 MP: 2/7
  1324 | D:2      | Reached skill level 4 in Long Blades
  1408 | D:2      | Reached XP level 4. HP: 23/23 MP: 8/8
  1643 | D:2      | Found Wicsudoit's Antique Weapon Emporium.
  1691 | D:2      | Found a faded altar of an unknown god.
  2132 | D:3      | Found a broken altar of Ashenzari.
  2155 | D:3      | Found the +6 shillelagh "Devastator" {shatter}
  2332 | D:3      | Reached XP level 5. HP: 26/26 MP: 9/9
  2811 | D:4      | Reached skill level 5 in Long Blades
  2993 | D:4      | Noticed a black bear
  3009 | D:4      | Killed a black bear
  3010 | D:4      | Reached XP level 6. HP: 25/30 MP: 10/10
  3285 | D:4      | Noticed Natasha
  3293 | D:4      | Reached skill level 6 in Long Blades
  3298 | D:4      | Killed Natasha
  3370 | D:4      | Noticed Natasha
  3381 | D:4      | Killed Natasha
  3488 | D:4      | Noticed Natasha
  3502 | D:4      | Killed Natasha
  3543 | D:5      | Entered Level 5 of the Dungeon
  3615 | D:5      | Found Zangiumm's Antique Weapon Shop.
  3623 | D:5      | Bought a glowing rapier for 182 gold pieces
  4131 | D:5      | Found an ancient bone altar of Kikubaaqudgha.
  4151 | D:5      | Found an ornate altar of the Wu Jian Council.
  4177 | D:5      | Reached XP level 7. HP: 26/34 MP: 11/11
  4330 | D:6      | Mangled by an ogre

Illustrated notes

Levels and vault maps discovered:
D:1:      dpeg_arrival_morbid_curiosity, layout_basic, minmay_misc_feat_rows
D:2:      layout_loops_ring, serial_shops, nicolae_shop_hallway_plus,
          shapermc_ecumenical_altar_totnotflames, minmay_goblin_outpost
D:3:      layout_basic, evilmike_ruin_ashenzari, minivault_19
D:4:      layout_basic, bh_walls_and_bars, uniq_natasha
D:5:      layout_basic, nicolae_kikubaaqudgha_miasma_corner,
          lemuel_crystal_altar, serial_shops, nicolae_diamond_shop,
          minmay_misc_feat_tiny, kennysheep_nub, hangedman_decor_growths
D:6:      layout_cave_pods, kennysheep_slug_shrine, minmay_temple_entry_statues,
          serial_shops, nicolae_shop_tiny_real_fake_doors, minmay_diced_spiral

Skill      XL: |  1  2  3  4  5  6 |
---------------+-------------------+-----
Long Blades    | 3 4 5 6 |  6.9
Fighting       | |  1.9
Dodging        | |  1.6
Spellcasting   | |  2.3
Conjurations   | |  3.0

Action                     |  1- 3 |  4- 6 |  7- 9 || total
---------------------------+-------+-------+-------++-------
  Melee: Falchion          |   138 |       |       ||   138
         Bite              |    24 |    56 |     3 ||    83
         Dagger            |     6 |   219 |    10 ||   235
         Punch             |       |     1 |       ||     1
   Cast: Kiss of Death     |       |     1 |       ||     1
    Use: Scroll            |     2 |     9 |       ||    11
 Armour: Leather armour    |    92 |       |       ||    92
         Ring mail         |    19 |   134 |     8 ||   161
  Dodge: Dodged            |   136 |   103 |     2 ||   241

Table legend: (Time is in decaauts)
 A = Elapsed time spent in this place.
 B = Non-inter-level travel time spent in this place.
 C = Inter-level travel time spent in this place.
 D = Time resting spent in this place.
 E = Time spent auto-exploring this place.
 F = Levels seen in this place.
 G = Mean time per level.
                   A        B        C        D        E       F      G
               +--------+--------+--------+--------+--------+-----+--------+
         Total |   4328 |   4173 |    155 |    296 |   2884 |   6 |  721.3 |
       Dungeon |   4328 |   4173 |    155 |    296 |   2884 |   6 |  721.3 |
               +--------+--------+--------+--------+--------+-----+--------+

Top non-repeatable levels by time:
     D:1: 1282 daAuts
     D:4: 836 daAuts
     D:2: 831 daAuts
     D:3: 696 daAuts
     D:5: 657 daAuts
     D:6: 25 daAuts
